| TOP OF THE 1ST |
|
New Jersey Devils batting - Pitching for Trois-Riveres Aigles : LHP Alex Pritchard
|
|
Pitching: LHP Alex Pritchard
|
|
|
Batting: RHB Eric Zylstra
|
0-0: Called Strike 0-1: Ball 1-1: Ball 2-1: Foul Ball, location: 2F 2-2: Strikes out swinging
|
|
Batting: RHB Jacob Olander
|
0-0: SINGLE (Groundball, 4S, EV 74.4 MPH) (infield hit)
|
|
Batting: RHB Warren Carmichael
|
0-0: Grounds into double play, 6-4-3 (Groundball, 6, EV 88.1 MPH)
|
| Top of the 1st over - 0 runs, 1 hit, 0 errors, 0 left on base; New Jersey 0 - Trois-Riveres 0 |
| BOTTOM OF THE 1ST |
|
Trois-Riveres Aigles batting - Pitching for New Jersey Devils : RHP Ryan Egan
|
|
Pitching: RHP Ryan Egan
|
|
|
Batting: RHB Luis Jara
|
0-0: Called Strike 0-1: Ball 1-1: Ball 2-1: Bunt for hit to 13S - play at first, batter OUT! 1-3
|
|
Batting: RHB Sandoval Serzedelo
|
0-0: Ball 1-0: Ground out 5-3 (Groundball, 56S, EV 72.5 MPH)
|
|
Batting: RHB Toshikatsu Omori
|
0-0: Ball 1-0: Called Strike 1-1: SINGLE (Groundball, 6S, EV 72.5 MPH) (infield hit)
|
|
Batting: LHB Ian Cranton
|
0-0: Ball 1-0: Called Strike 1-1: Ball 2-1: Called Strike 2-2: Ball 3-2: Foul Ball, location: 2F 3-2: 2-RUN HOME RUN (Flyball, 9D, EV 100.0 MPH), Distance : 400 ft
|
|
Batting: RHB Alistair Holmes
|
0-0: Foul Ball, location: 2F 0-1: SINGLE (Line Drive, 78S, EV 100.6 MPH)
|
|
Batting: RHB Micah Logan
|
0-0: Ball 1-0: Ball 2-0: Called Strike 2-1: Called Strike 2-2: Strikes out swinging
|
| Bottom of the 1st over - 2 runs, 3 hits, 0 errors, 1 left on base; New Jersey 0 - Trois-Riveres 2 |
| TOP OF THE 2ND |
|
New Jersey Devils batting - Pitching for Trois-Riveres Aigles : LHP Alex Pritchard
|
|
Batting: LHB Randolph Brodbeck
|
0-0: Ball 1-0: Called Strike 1-1: Ball 2-1: Foul Ball, location: 2F 2-2: Ball 3-2: Fly out, F7 (Line Drive, 7S, EV 95.0 MPH)
|
|
Batting: RHB Kyle Verkamp
|
0-0: Called Strike 0-1: Ball 1-1: Ball 2-1: Ball 3-1: Called Strike 3-2: Base on Balls
|
|
Batting: LHB Rick Vallis
|
0-0: Ball 1-0: Called Strike 1-1: Called Strike 1-2: Ball 2-2: Ball 3-2: Foul Ball, location: 2F 3-2: Foul Ball, location: 2F 3-2: Grounds into double play, 5-4-3 (Groundball, 56, EV 101.2 MPH)
|
| Top of the 2nd over - 0 runs, 0 hits, 0 errors, 0 left on base; New Jersey 0 - Trois-Riveres 2 |
| BOTTOM OF THE 2ND |
|
Trois-Riveres Aigles batting - Pitching for New Jersey Devils : RHP Ryan Egan
|
|
Batting: RHB Willie Acevedo
|
0-0: Called Strike 0-1: Foul Ball, location: 2F 0-2: Ground out 6-3 (Groundball, 6, EV 88.1 MPH)
|
|
Batting: RHB George Connell
|
0-0: Ground out 1-3 (Groundball, 13S, EV 65.0 MPH)
|
|
Batting: RHB Danny Mota
|
0-0: Ball 1-0: Ball 2-0: Called Strike 2-1: Ball 3-1: Base on Balls
|
|
Batting: RHB Luis Jara
|
0-0: Ball 1-0: Foul Ball, location: 2F 1-1: Called Strike 1-2: Fielders Choice at 2nd, 6-4 (Groundball, 6, EV 86.2 MPH)
|
| Bottom of the 2nd over - 0 runs, 0 hits, 0 errors, 1 left on base; New Jersey 0 - Trois-Riveres 2 |
| TOP OF THE 3RD |
|
New Jersey Devils batting - Pitching for Trois-Riveres Aigles : LHP Alex Pritchard
|
|
Batting: RHB Sergio Andrada
|
0-0: Ball 1-0: Fly out, F8 (Flyball, 78M, EV 89.4 MPH)
|
|
Batting: RHB Oscar Ramirez
|
0-0: Called Strike 0-1: Swinging Strike 0-2: Strikes out swinging
|
|
Batting: RHB Carlos Saldivar
|
0-0: Swinging Strike 0-1: Ball 1-1: Ball 2-1: Ball 3-1: Called Strike 3-2: Foul Ball, location: 2F 3-2: Strikes out looking
|
| Top of the 3rd over - 0 runs, 0 hits, 0 errors, 0 left on base; New Jersey 0 - Trois-Riveres 2 |
| BOTTOM OF THE 3RD |
|
Trois-Riveres Aigles batting - Pitching for New Jersey Devils : RHP Ryan Egan
|
|
Batting: RHB Sandoval Serzedelo
|
0-0: Reached on error, E8 (Flyball, 8RM, EV 81.9 MPH)
|
|
Batting: RHB Toshikatsu Omori
|
0-0: SINGLE (Groundball, 6MD, EV 99.4 MPH) Sandoval Serzedelo to second
|
|
Batting: LHB Ian Cranton
|
0-0: Foul Ball, location: 2F 0-1: Ball 1-1: Foul Ball, location: 2F 1-2: Ball 2-2: Foul Ball, location: 2F 2-2: Ball 3-2: Base on Balls Sandoval Serzedelo to third Toshikatsu Omori to second
|
|
Batting: RHB Alistair Holmes
|
0-0: Called Strike 0-1: Swinging Strike 0-2: Ball 1-2: SINGLE (Groundball, 56, EV 98.1 MPH) Sandoval Serzedelo scores Toshikatsu Omori to third Ian Cranton to second
|
|
Batting: RHB Micah Logan
|
0-0: Ball 1-0: Fly out, F9 (Line Drive, 9LM, EV 102.5 MPH) Runner from 3rd tags up, SCORES, no throw by RF
|
|
Batting: RHB Willie Acevedo
|
0-0: Called Strike 0-1: Ball 1-1: Ball 2-1: Foul Ball, location: 2F 2-2: Foul Ball, location: 2F 2-2: Ball 3-2: Base on Balls Ian Cranton to third Alistair Holmes to second
|
|
Batting: RHB George Connell
|
0-0: Ball 1-0: Swinging Strike 1-1: Fly out, F8 (Line Drive, 78M, EV 100.0 MPH) Runner from 3rd tags up, SCORES, throw by CF
|
|
Batting: RHB Danny Mota
|
0-0: Called Strike 0-1: Foul Ball, location: 2F 0-2: Ball 1-2: Strikes out swinging
|
| Bottom of the 3rd over - 3 runs, 2 hits, 1 error, 2 left on base; New Jersey 0 - Trois-Riveres 5 |
| TOP OF THE 4TH |
|
New Jersey Devils batting - Pitching for Trois-Riveres Aigles : LHP Alex Pritchard
|
|
Batting: RHB Eric Zylstra
|
0-0: Foul Ball, location: 2F 0-1: Swinging Strike 0-2: Ball 1-2: Fly out, F7 (Flyball, 7, EV 87.5 MPH)
|
|
Batting: RHB Jacob Olander
|
0-0: Ball 1-0: Ball 2-0: Called Strike 2-1: Fly out, F8 (Line Drive, 8LM, EV 85.0 MPH)
|
|
Batting: RHB Warren Carmichael
|
0-0: Called Strike 0-1: Ball 1-1: Foul Ball, location: 2F 1-2: Ball 2-2: Foul Ball, location: 2F 2-2: Ball 3-2: Base on Balls
|
|
Batting: LHB Randolph Brodbeck
|
0-0: Ball 1-0: Ball 2-0: Ground out U3 (Groundball, 3, EV 86.9 MPH)
|
| Top of the 4th over - 0 runs, 0 hits, 0 errors, 1 left on base; New Jersey 0 - Trois-Riveres 5 |
| BOTTOM OF THE 4TH |
|
Trois-Riveres Aigles batting - Pitching for New Jersey Devils : RHP Ryan Egan
|
|
Batting: RHB Luis Jara
|
0-0: Ball 1-0: Ball 2-0: Called Strike 2-1: Fly out, F9 (Flyball, 89M, EV 90.6 MPH)
|
|
Batting: RHB Sandoval Serzedelo
|
0-0: Called Strike 0-1: SINGLE (Flyball, 78S, EV 85.6 MPH)
|
|
Batting: RHB Toshikatsu Omori
|
0-0: Foul Ball, location: 2F 0-1: Ball 1-1: Called Strike 1-2: Foul Ball, location: 2F 1-2: Foul Ball, location: 2F 1-2: Ball Sandoval Serzedelo is caught stealing 2nd base 2-4 2-2: SINGLE (Flyball, 9, EV 94.4 MPH)
|
|
Batting: LHB Ian Cranton
|
0-0: Ball 1-0: Swinging Strike 1-1: Ball 2-1: Swinging Strike 2-2: Ball 3-2: Base on Balls Toshikatsu Omori to second
|
|
Pitching: RHP Justin Vallis
|
|
|
Batting: RHB Alistair Holmes
|
0-0: Ball 1-0: Ball 2-0: Ball 3-0: Called Strike 3-1: Base on Balls Toshikatsu Omori to third Ian Cranton to second
|
|
Batting: RHB Micah Logan
|
0-0: Ball 1-0: Called Strike 1-1: SINGLE (Groundball, 6D, EV 95.0 MPH) Toshikatsu Omori scores Ian Cranton to third Alistair Holmes to second Runner from 3rd tries for Home, SAFE, throw by CF to home
|
|
Batting: RHB Willie Acevedo
|
0-0: Ball 1-0: Ground out 1-3 (Groundball, 13S, EV 68.8 MPH)
|
| Bottom of the 4th over - 2 runs, 3 hits, 0 errors, 2 left on base; New Jersey 0 - Trois-Riveres 7 |
| TOP OF THE 5TH |
|
New Jersey Devils batting - Pitching for Trois-Riveres Aigles : LHP Alex Pritchard
|
|
Batting: RHB Kyle Verkamp
|
0-0: Ball 1-0: Ball 2-0: Called Strike 2-1: Foul Ball, location: 2F 2-2: Ground out 6-3 (Groundball, 56D, EV 95.6 MPH)
|
|
Batting: LHB Rick Vallis
|
0-0: Called Strike 0-1: Ball 1-1: Foul Ball, location: 2F 1-2: Foul Ball, location: 2F 1-2: Ball 2-2: Ball 3-2: Ground out 5-3 (Groundball, 25, EV 87.5 MPH)
|
|
Batting: RHB Sergio Andrada
|
0-0: Ball 1-0: Called Strike 1-1: SINGLE (Line Drive, 56D, EV 108.1 MPH)
|
|
Batting: RHB Oscar Ramirez
|
0-0: Ball 1-0: Ball 2-0: Foul Ball, location: 2F 2-1: Foul Ball, location: 2F 2-2: Strikes out swinging
|
| Top of the 5th over - 0 runs, 1 hit, 0 errors, 1 left on base; New Jersey 0 - Trois-Riveres 7 |
| BOTTOM OF THE 5TH |
|
Trois-Riveres Aigles batting - Pitching for New Jersey Devils : RHP Justin Vallis
|
|
Batting: RHB George Connell
|
0-0: Ball 1-0: Foul Ball, location: 2F 1-1: Swinging Strike 1-2: Strikes out swinging
|
|
Batting: RHB Danny Mota
|
0-0: Ball 1-0: Foul Ball, location: 2F 1-1: Ground out 4-3 (Groundball, 34, EV 84.4 MPH)
|
|
Batting: RHB Luis Jara
|
0-0: Ball 1-0: Fly out, F2 (Popup, 3SF, EV 68.1 MPH)
|
| Bottom of the 5th over - 0 runs, 0 hits, 0 errors, 0 left on base; New Jersey 0 - Trois-Riveres 7 |
| TOP OF THE 6TH |
|
New Jersey Devils batting - Pitching for Trois-Riveres Aigles : LHP Alex Pritchard
|
|
Batting: RHB Carlos Saldivar
|
0-0: Called Strike 0-1: Ball 1-1: Foul Ball, location: 2F 1-2: Ball 2-2: Foul Ball, location: 2F 2-2: Foul Ball, location: 2F 2-2: Foul Ball, location: 2F 2-2: Foul Ball, location: 2F 2-2: Ball 3-2: Strikes out swinging
|
|
Batting: RHB Eric Zylstra
|
0-0: Foul Ball, location: 2F 0-1: Ball 1-1: Foul Ball, location: 2F 1-2: SINGLE (Groundball, 4S, EV 70.0 MPH) (infield hit)
|
|
Batting: RHB Jacob Olander
|
0-0: Called Strike 0-1: Called Strike 0-2: Fly out, F8 (Flyball, 8LD, EV 98.1 MPH)
|
|
Batting: RHB Warren Carmichael
|
0-0: Ball Eric Zylstra is caught stealing 2nd base 2-4
|
| Top of the 6th over - 0 runs, 1 hit, 0 errors, 0 left on base; New Jersey 0 - Trois-Riveres 7 |
| BOTTOM OF THE 6TH |
|
Trois-Riveres Aigles batting - Pitching for New Jersey Devils : RHP Justin Vallis
|
|
Batting: RHB Sandoval Serzedelo
|
0-0: Ground out 6-3 (Groundball, 6, EV 108.8 MPH)
|
|
Batting: RHB Toshikatsu Omori
|
0-0: Called Strike 0-1: Swinging Strike 0-2: Strikes out swinging
|
|
Batting: LHB Ian Cranton
|
0-0: Ball 1-0: Foul Ball, location: 2F 1-1: Foul Ball, location: 2F 1-2: Ball 2-2: Ball 3-2: Foul Ball, location: 2F 3-2: Hit by Pitch
|
|
Batting: RHB Alistair Holmes
|
0-0: Called Strike 0-1: Ball 1-1: SINGLE (Groundball, 56D, EV 98.1 MPH) Ian Cranton to second
|
|
Batting: RHB Micah Logan
|
0-0: Ball 1-0: Ball 2-0: SINGLE (Line Drive, 89S, EV 90.0 MPH) Ian Cranton to third Alistair Holmes to second
|
|
Batting: RHB Willie Acevedo
|
0-0: Ball 1-0: Ball 2-0: Fielders Choice at 2nd, 6-4 (Groundball, 6, EV 78.8 MPH)
|
| Bottom of the 6th over - 0 runs, 2 hits, 0 errors, 3 left on base; New Jersey 0 - Trois-Riveres 7 |
| TOP OF THE 7TH |
|
New Jersey Devils batting - Pitching for Trois-Riveres Aigles : LHP Alex Pritchard
|
|
Pinch Hitting: RHB Mike Echegoyen
|
0-0: Called Strike 0-1: Ball 1-1: Ground out 6-3 (Groundball, 6, EV 86.9 MPH)
|
|
Pinch Hitting: SHB Ernesto Mazas
|
0-0: Called Strike 0-1: Ball 1-1: Foul Ball, location: 2F 1-2: Strikes out looking
|
|
Pinch Hitting: LHB Joel Sandoval
|
0-0: Swinging Strike 0-1: Ball 1-1: Ball 2-1: Foul Ball, location: 2F 2-2: Strikes out swinging
|
| Top of the 7th over - 0 runs, 0 hits, 0 errors, 0 left on base; New Jersey 0 - Trois-Riveres 7 |
| BOTTOM OF THE 7TH |
|
Trois-Riveres Aigles batting - Pitching for New Jersey Devils : RHP Justin Vallis
|
|
Now at 1B: Joel Sandoval
|
|
|
Now in CF: Ernesto Mazas
|
|
|
Now in RF: Isaiah Heath
|
|
|
Batting: RHB George Connell
|
0-0: Ball 1-0: Called Strike 1-1: Ball 2-1: Swinging Strike 2-2: Ball 3-2: Fly out, F7 (Flyball, 78D, EV 95.6 MPH)
|
|
Batting: RHB Danny Mota
|
0-0: Ball 1-0: Ball 2-0: Swinging Strike 2-1: Foul Ball, location: 2F 2-2: Strikes out swinging
|
|
Batting: RHB Luis Jara
|
0-0: Fly out, F7 (Line Drive, 7, EV 98.8 MPH)
|
| Bottom of the 7th over - 0 runs, 0 hits, 0 errors, 0 left on base; New Jersey 0 - Trois-Riveres 7 |
| TOP OF THE 8TH |
|
New Jersey Devils batting - Pitching for Trois-Riveres Aigles : LHP Alex Pritchard
|
|
Batting: LHB Rick Vallis
|
0-0: Ball 1-0: Ball 2-0: Called Strike 2-1: Swinging Strike 2-2: Strikes out looking
|
|
Batting: RHB Sergio Andrada
|
0-0: Foul Ball, location: 2F 0-1: Ball 1-1: Foul Ball, location: 2F 1-2: Ball 2-2: Ball 3-2: Ground out 4-3 (Groundball, 4, EV 100.0 MPH)
|
|
Batting: RHB Oscar Ramirez
|
0-0: Ball 1-0: Ball 2-0: Ground out 3-1 (Groundball, 34, EV 76.9 MPH)
|
| Top of the 8th over - 0 runs, 0 hits, 0 errors, 0 left on base; New Jersey 0 - Trois-Riveres 7 |
| BOTTOM OF THE 8TH |
|
Trois-Riveres Aigles batting - Pitching for New Jersey Devils : RHP Justin Vallis
|
|
Pinch Hitting: RHB Cody Gebo
|
0-0: Ground out 3-1 (Groundball, 13, EV 86.2 MPH)
|
|
Pinch Hitting: RHB Carlos Ruelas
|
0-0: Ball 1-0: Ball 2-0: Foul Ball, location: 2F 2-1: Ground out 6-3 (Groundball, 6M, EV 108.1 MPH)
|
|
Batting: LHB Ian Cranton
|
0-0: Foul Ball, location: 2F 0-1: Ball 1-1: Ball 2-1: Ball 3-1: Base on Balls
|
|
Batting: RHB Alistair Holmes
|
0-0: Ball 1-0: SINGLE (Line Drive, 9S, EV 100.6 MPH) Ian Cranton to second
|
|
Pitching: RHP Kyle Moser
|
|
|
Pinch Hitting: SHB Dan Trainer
|
0-0: Ball 1-0: Ball 2-0: Foul Ball, location: 2F 2-1: Called Strike 2-2: Foul Ball, location: 2F 2-2: Ball 3-2: Strikes out swinging, 2-3 out at first.
|
| Bottom of the 8th over - 0 runs, 1 hit, 0 errors, 2 left on base; New Jersey 0 - Trois-Riveres 7 |
| TOP OF THE 9TH |
|
New Jersey Devils batting - Pitching for Trois-Riveres Aigles : LHP Alex Pritchard
|
|
Pitching: RHP Jonathan Holland
|
|
|
Now at 1B: Gabe Wilcoxon
|
|
|
Now in LF: Carlos Ruelas
|
|
|
Now in CF: Cody Gebo
|
|
|
Pinch Hitting: RHB John Carpenter
|
0-0: Ground out 6-3 (Groundball, 6, EV 90.6 MPH)
|
|
Batting: RHB Eric Zylstra
|
0-0: Ball 1-0: Foul Ball, location: 2F 1-1: Foul Ball, location: 2F 1-2: Fly out, F8 (Flyball, 8RM, EV 79.4 MPH)
|
|
Batting: RHB Jacob Olander
|
0-0: Called Strike 0-1: Ball 1-1: Ball 2-1: Foul Ball, location: 2F 2-2: Ball 3-2: Base on Balls
|
|
Batting: RHB Isaiah Heath
|
0-0: Swinging Strike 0-1: Ball 1-1: Ball 2-1: SINGLE (Groundball, 4MD, EV 94.4 MPH) Jacob Olander to second
|
|
Pinch Hitting: RHB Juan Medina
|
0-0: Ball 1-0: Foul Ball, location: 2F 1-1: Foul Ball, location: 2F 1-2: Strikes out swinging
|
| Top of the 9th over - 0 runs, 1 hit, 0 errors, 2 left on base; New Jersey 0 - Trois-Riveres 7 |
|